 Dungeon Crawl Stone Soup version 0.22-a0-352-gc608dd7 (webtiles) character file.

6851 mortelune the Destroyer (level 10, -8/63 HPs)
             Began as a Demonspawn Wizard on Apr 14, 2018.
             Was a Follower of Vehumet.
             Killed from afar by a swamp worm (12 damage)
             ... with a harpoon shot
             ... on level 1 of the Lair of Beasts.
             The game lasted 01:05:52 (17318 turns).

mortelune the Destroyer (Demonspawn Wizard)        Turns: 17318, Time: 01:05:53

Health: -8/63      AC:  3    Str:  7    XL:     10   Next: 78%
Magic:  9/23       EV: 12    Int: 24    God:    Vehumet [*.....]
Gold:   551        SH:  0    Dex: 11    Spells: 16/27 levels left

rFire    + + .     SeeInvis .   O - +4 scimitar (flame)
rCold    . . .     Gourm    .   (no shield)
rNeg     . . .     Faith    .   a - +0 robe
rPois    +         Spirit   .   b - +0 hat
rElec    .         Reflect  .   R - +0 cloak {rPois}
rCorr    .         Harm     .   (no gloves)
MR       .....                  (no boots)
Stlth    ++........             (no amulet)
HPRegen  0.20/turn              t - ring of fire
MPRegen  0.18/turn              s - ring of protection from cold

@: no status effects
A: horns 2, demonic guardian 1, fire resistance 1, flame cloud immunity
a: Renounce Religion


You were on level 1 of the Lair of Beasts.
You worshipped Vehumet.
Vehumet was aware of your devotion.
You were hungry.

You visited 3 branches of the dungeon, and saw 11 of its levels.
You also visited: Ossuary.

You collected 551 gold pieces.

Inventory:

Hand Weapons
 f - a +0 club of electrocution
 v - a +0 dagger of venom
 J - a +2 quarterstaff of chaos
 O - a +4 scimitar of flaming (weapon)
 P - a +2 war axe of draining
Armour
 a - a +0 robe (worn)
 b - a +0 hat (worn)
 K - a +0 cloak
 R - a +0 cloak of poison resistance (worn)
Jewellery
 o - an uncursed ring of ice
 s - a ring of protection from cold (right hand)
 t - a ring of fire (left hand)
 E - an uncursed ring of poison resistance
 N - an uncursed ring of loudness
Wands
 i - a wand of enslavement (9)
 u - a wand of random effects (21)
 I - a wand of flame (9)
 M - a wand of digging (6)
 Q - a wand of polymorph (5)
Scrolls
 g - a scroll of magic mapping
 j - a scroll of enchant weapon
 k - 7 scrolls of remove curse
 r - a scroll of noise {unknown}
 w - a scroll of amnesia {unknown}
 y - 2 scrolls of random uselessness
 A - a scroll of fog {unknown}
 D - 2 scrolls of brand weapon
 G - 3 scrolls of identify
 L - a scroll of summoning {unknown}
Potions
 c - 5 potions of berserk rage
 e - 3 potions of brilliance
 h - a potion of ambrosia
 m - 5 potions of lignification
 n - 2 potions of agility
 q - a potion of might
 x - 2 potions of flight
 z - a potion of resistance
 B - 4 potions of curing {unknown}
 C - a potion of magic {unknown}
 F - a potion of haste {unknown}
 H - a potion of invisibility {unknown}
Comestibles
 d - 11 rations


   Skills:
 - Level 2.2 Dodging
 - Level 2.2 Stealth
 + Level 9.3 Spellcasting
 + Level 9.6 Conjurations
 - Level 1.0 Summonings
 - Level 0.8 Translocations
 + Level 8.5 Air Magic


You had 16 spell levels left.
You knew the following spells:

 Your Spells              Type           Power        Failure   Level  Hunger
a - Magic Dart            Conj           ####         1%          1    None
b - Call Imp              Summ           ###.....     5%          2    None
c - Blink                 Tloc           N/A          6%          2    None
d - Mephitic Cloud        Conj/Pois/Air  #####...     1%          3    None
e - Conjure Flame         Conj/Fire      ######..     2%          3    None


Dungeon Overview and Level Annotations

Branches:
Dungeon (9/15)             Temple (1/1) D:6            Lair (1/6) D:8
    Orc: D:9-12

Altars:
Ashenzari
Cheibriados
Dithmenos
Elyvilon
Fedhas
Gozag
Hepliaklqana
Kikubaaqudgha
Makhleb
Nemelex Xobeh
Okawaru
Qazlal
Ru
Sif Muna
Trog
Uskayaw
Vehumet
Wu Jian
Xom
Yredelemnul
Zin
The Shining One

Annotations:
D:9 TheNamelessOne's ghost, novice DsCK


Innate Abilities, Weirdness & Mutations

You have a pair of horns on your head.
A weak demonic guardian rushes to your aid.
Your flesh is heat resistant. (rF+)
You are immune to clouds of flame.


Message History

Casting: Call Imp (safe; 5% risk of failure)
Confirm with . or Enter, or press ? or * to list all spells.
A beastly little devil appears in a puff of frigid air.
Your crimson imp blinks!
You swap places.
A yak comes into view. x2
The yak moves out of view.
Something barely misses your ufetubus.
Okay, then.
Casting: Call Imp (safe; 5% risk of failure)
Confirm with . or Enter, or press ? or * to list all spells.
Aiming: Mephitic Cloud (safe; 1% risk of failure)
Press: ? - help, Shift-Dir - straight line, f - yak
Aim: a yak The ball explodes into a vile cloud!
The stinking cloud engulfs the yak.
The stinking cloud engulfs your white imp.
Your white imp appears unharmed.
The swamp worm throws harpoon shot at you.
The harpoon shot hits you!
You die...

P####............
.................
.>...........(......
.....$...............
.....................
.....................
...).....$............
.......§§.............
#......§Y§@...........
......§§5#P##w..##
#....55#####...#
..#....5# ##w..#
...#Y...####....####
...Y#...t>t..........
.⌠..####.##..........
.... #..⌠...####...##
. ...#.....## #P...#


You could see 3 yaks, a swamp worm, a friendly crimson imp, 2 friendly white
imps and a friendly ufetubus.

Vanquished Creatures
  The ghost of Qupu the Grappler, a novice TrMo of Nemelex Xobeh (D:8)
  Erica (D:8)
  A two-headed ogre (D:8)
  Pikel (D:4)
  Maurice (D:8)
  A hornet (D:6)
  A hippogriff (D:8)
  A spriggan (D:7)
  A hungry ghost (D:7)
  A water moccasin (Lair:1)
  2 orc warriors (D:6)
  A porcupine (Lair:1)
  A sky beast (D:8)
  An ice beast (D:9)
  2 ogres
  9 centaurs
  A crocodile (Lair:1)
  4 bullfrogs
  3 scorpions
  4 wights (D:8)
  A howler monkey (D:6)
  A crimson imp (D:9)
  A centaur zombie (D:8)
  2 bullfrog zombies
  8 orc priests
  3 hounds
  4 orc wizards
  A bullfrog skeleton (D:6)
  4 iguanas
  A worker ant (D:5)
  A hound skeleton (D:6)
  A mummy (Ossuary)
  A worker ant zombie (D:5)
  8 adders
  7 gnolls
  4 shadow imps
  2 oozes (D:7)
  3 adder zombies
  2 adder skeletons
  2 worms (D:4)
  3 dart slugs
  6 leopard geckos
  12 orcs
  4 bats
  3 giant cockroaches
  4 goblins
  6 hobgoblins
  2 jackals (D:3)
  2 quokkas
  11 frilled lizards
  A gnoll skeleton (Ossuary)
  10 kobolds
  2 kobold skeletons (Ossuary)
  A leopard gecko skeleton (D:4)
  A leopard gecko zombie (D:3)
  4 orc skeletons (Ossuary)
  A quokka skeleton (D:4)
  A quokka zombie (D:3)
  5 rats
174 creatures vanquished.

Vanquished Creatures (collateral kills)
  A komodo dragon (Lair:1)
  A wraith (Ossuary)
  2 water moccasins (D:6)
  An orc warrior (D:9)
  A slave (D:4)
  A centaur (D:6)
  A bullfrog (D:9)
  A wight (D:7)
  A howler monkey (D:5)
  Crazy Yiuf (D:6)
  An orc priest (D:3)
  A worker ant (D:5)
  An adder (D:7)
  A gnoll (D:5)
  3 worms
  A leopard gecko (D:7)
  6 orcs
  3 gnoll skeletons (Ossuary)
  5 kobold skeletons (Ossuary)
  10 orc skeletons (Ossuary)
43 creatures vanquished.

Vanquished Creatures (others)
  4 plants (Lair:1)
4 creatures vanquished.

Grand Total: 221 creatures vanquished

Notes
Turn   | Place    | Note
-------+----------+-------------------------------------------
     0 | D:1      | mortelune the Demonspawn Wizard began the quest for the Orb.
     0 | D:1      | Reached XP level 1. HP: 13/13 MP: 4/4
   430 | D:1      | Gained mutation: You have a pair of small horns on your head. [demonic ancestry]
   430 | D:1      | Reached XP level 2. HP: 19/19 MP: 0/6
  1670 | D:1      | Learned a level 2 spell: Call Imp
  1673 | D:1      | Learned a level 2 spell: Blink
  1891 | D:2      | Reached XP level 3. HP: 21/24 MP: 0/7
  2117 | D:2      | Found a sacrificial altar of Ru.
  2265 | D:2      | Found a bloodstained altar of Trog.
  3041 | D:2      | Learned a level 3 spell: Mephitic Cloud
  3479 | D:3      | Found a hazy altar of Hepliaklqana.
  3491 | D:3      | Gained mutation: A weak demonic guardian rushes to your aid. [demonic ancestry]
  3491 | D:3      | Reached XP level 4. HP: 17/30 MP: 0/9
  3720 | D:3      | Found a stormy altar of Qazlal.
  4323 | D:3      | Reached skill level 1 in Air Magic
  4713 | D:3      | Reached XP level 5. HP: 32/35 MP: 1/10
  5379 | D:4      | Noticed a slave
  5381 | D:4      | Noticed a slave
  5383 | D:4      | Noticed Pikel
  5385 | D:4      | Noticed a slave
  5386 | D:4      | Noticed a slave
  5883 | D:5      | Entered Level 5 of the Dungeon
  6012 | D:5      | Found a sand-covered staircase.
  6017 | Ossuary  | Entered an ossuary
  6017 | Ossuary  | Noticed a wraith
  6017 | Ossuary  | Noticed a wraith
  6017 | Ossuary  | Noticed a wraith
  6063 | Ossuary  | Learned a level 3 spell: Conjure Flame
  6649 | Ossuary  | Noticed a wraith
  6687 | Ossuary  | Killed a wraith
  6687 | Ossuary  | Gained mutation: Your flesh is heat resistant. (rF+) [demonic ancestry]
  6687 | Ossuary  | Reached XP level 6. HP: 27/41 MP: 1/12
  6984 | D:5      | Found an ancient bone altar of Kikubaaqudgha.
  7138 | D:5      | Gained mutation: You are immune to clouds of flame. [demonic ancestry]
  7138 | D:5      | Reached XP level 7. HP: 12/46 MP: 0/14
  7920 | D:4      | Found a sparkling altar of Nemelex Xobeh.
  8078 | D:4      | Reached skill level 5 in Spellcasting
  8128 | D:4      | Killed Pikel
  8128 | D:4      | Reached skill level 5 in Conjurations
  8128 | D:4      | Gained mutation: You have a pair of horns on your head. [demonic ancestry]
  8128 | D:4      | Reached XP level 8. HP: 52/52 MP: 5/16
  9457 | D:6      | Found a glowing silver altar of Zin.
  9564 | D:6      | Found a glowing golden altar of the Shining One.
  9653 | D:6      | Reached skill level 5 in Air Magic
 10492 | D:6      | Found a staircase to the Ecumenical Temple.
 10502 | Temple   | Entered the Ecumenical Temple
 10559 | Temple   | Became a worshipper of Vehumet
 10642 | D:6      | Found a runed door.
 10892 | D:6      | Noticed Crazy Yiuf
 10906 | D:6      | Killed Crazy Yiuf
 11426 | D:7      | Noticed a hornet
 11672 | D:7      | Reached XP level 9. HP: 55/57 MP: 14/19
 11711 | D:6      | Paralysed by a hornet for 1 turns
 12632 | D:7      | Noticed a six-headed hydra
 13807 | D:8      | Found a staircase to the Lair.
 13818 | D:8      | Noticed a two-headed ogre
 13833 | D:8      | Killed a two-headed ogre
 14106 | D:8      | Noticed Erica
 14120 | D:8      | Killed Erica
 14120 | D:8      | Reached XP level 10. HP: 25/63 MP: 3/22
 14554 | D:8      | Noticed Qupu's ghost (novice TrMo)
 14585 | D:8      | Killed Qupu's ghost
 15958 | D:8      | Noticed Maurice
 15973 | D:8      | Killed Maurice
 15973 | D:8      | Reached * piety under Vehumet
 15973 | D:8      | Offered knowledge of Sting by Vehumet.
 16242 | D:9      | Noticed TheNamelessOne's ghost (novice DsCK)
 16718 | D:9      | Noticed a centaur warrior
 17012 | Lair:1   | Entered Level 1 of the Lair of Beasts
 17305 | Lair:1   | HP: 1/63 [swamp worm/harpoon shot (23)]
 17318 | Lair:1   | Killed from afar by a swamp worm

Vault maps used:
D:1:      roderic_lyre
D:2:      marbit_many_paths, nicolae_ru_great_annihilating_truth
D:3:      cheibrodos_pilgrimage, amethyst_overflow_temple_binary, serial_undead,
          serial_undead_f, serial_undead_a, serial_undead_e, serial_undead_a,
          first_ration
D:4:      nemelex_xobeh_ov_fountains_minmay, uniq_pikel
D:5:      lemuel_doored_altar, enter_ossuary_2, minmay_strange_pillars,
          minmay_fountain_box, grunt_decor_mini_mirrors
D:6:      kennysheep_mini_moat, nicolae_tso_carved_into_rock,
          minmay_temple_entry_junction, interstate_on_off, skrybe_limestone_x,
          uniq_crazy_yiuf_cottage
D:7:      nicolae_whirlpool, the_bakery, lightli_corner_chamber
D:8:      lair_entry_dummy, uniq_maurice, uniq_erica
D:9:      david_orc_5, serial_shops, nicolae_shop_statue_plus, okawaru_humans
Temple:   jpeg_temple_clearing
Lair:1:   worms_lemuel, grunt_megastairs_3, serial_bayou_shore_a, uniq_fannar
Ossuary:  ossuary_due_mausoleum

Skill      XL: |  1  2  3  4  5  6  7  8  9 10 |
---------------+-------------------------------+-----
Stealth        | 2 |  2.2
Dodging        | 2 |  2.2
Conjurations   | 2 3 4 5 6 8 9 |  9.6
Air Magic      | 1 2 3 4 5 7 8 |  8.5
Spellcasting   | 4 5 6 8 9 |  9.3
Summonings     | |  1.0
Translocations | |  0.8

Action                   |  1- 3 |  4- 6 |  7- 9 | 10-12 || total
-------------------------+-------+-------+-------+-------++-------
Melee: Club              |    18 |       |       |       ||    18
       Headbutt          |     2 |     3 |     3 |     2 ||    10
       Dagger            |       |    14 |     7 |       ||    21
       Quarterstaff      |       |       |     2 |       ||     2
       Scimitar          |       |       |       |     4 ||     4
 Cast: Magic Dart        |   115 |   145 |   315 |   218 ||   793
       Call Imp          |     2 |    48 |    28 |    13 ||    91
       Mephitic Cloud    |       |     3 |    28 |     8 ||    39
       Blink             |       |     2 |    11 |     6 ||    19
       Conjure Flame     |       |       |    16 |    15 ||    31
  Use: Scroll            |     5 |     9 |     5 |     2 ||    21
       Potion            |     1 |     2 |     2 |     1 ||     6
  Eat: Chunk             |     7 |     9 |     5 |     9 ||    30
       Ration            |       |     1 |     5 |       ||     6
Armor: Robe              |     8 |     3 |     6 |     2 ||    19
Dodge: Dodged            |    40 |    52 |    57 |    17 ||   166
       Rpst.: Scimitar   |       |       |       |    11 ||    11

Table legend:
 A = Spawn XP
 B = Non-spawn XP
 C = Spawn XP percentage of total XP
 D = Spawn monster count
 E = Non-spawn monster count
 F = Spawn count percentage of total count
 G = Total turns spent on level
                    A         B        C        D         E        F      G
               +---------+---------+-------+---------+---------+-------+---------
         Total |       0 |    9788 |   0.0 |       0 |     216 |   0.0 | 17318
               +---------+---------+-------+---------+---------+-------+---------
           D:1 |       0 |      35 |   0.0 |       0 |      19 |   0.0 |  1668
           D:2 |       0 |      47 |   0.0 |       0 |      20 |   0.0 |  1743
           D:3 |       0 |     160 |   0.0 |       0 |      26 |   0.0 |  2318
           D:4 |       0 |     714 |   0.0 |       0 |      17 |   0.0 |  1472
           D:5 |       0 |     441 |   0.0 |       0 |      17 |   0.0 |  1253
           D:6 |       0 |    1402 |   0.0 |       0 |      27 |   0.0 |  2654
           D:7 |       0 |    1342 |   0.0 |       0 |      21 |   0.0 |  1992
           D:8 |       0 |    4267 |   0.0 |       0 |      30 |   0.0 |  2631
           D:9 |       0 |     551 |   0.0 |       0 |       8 |   0.0 |   435
        Lair:1 |       0 |     644 |   0.0 |       0 |       4 |   0.0 |   306
       Ossuary |       0 |     185 |   0.0 |       0 |      27 |   0.0 |   773
               +---------+---------+-------+---------+---------+-------+---------
